 Dungeon Crawl Stone Soup version 0.17-a0-957-ga3519be (webtiles) character file.

364 oplop the Changer (level 6, 0/41 HPs)
             Began as an Octopode Transmuter on May 7, 2015.
             Splashed by a jelly's acid (15 damage)
             ... on level 5 of the Dungeon.
             The game lasted 00:06:55 (3353 turns).

oplop the Changer (Octopode Transmuter)             Turns: 3353, Time: 00:06:55

Health: 0/41       AC:  1    Str: 10    XL:     6   Next: 67%
Magic:  21/21      EV: 14    Int: 17    God:
Gold:   252        SH:  0    Dex: 14    Spells: 2 memorised, 9 levels left

rFire  x . .     SeeInvis .     d - +2 dagger (venom)
rCold  + . .     Clarity  .     (no shield)
rNeg   . . .     SustAb   .     (helmet restricted)
rPois  .         Gourm    .     (no amulet)
rElec  .         Spirit   .     m - +2 ring of dexterity
rCorr  .         Warding  .     h - ring of ice
rMut   .         Stasis   .     k - +2 ring of evasion
MR     .....                    t - ring of magical power
Stlth  ++........               (no ring)
                                (no ring)
                                (no ring)
                                (no ring)

@: appendage, not resistant to hostile enchantments, unstealthy
A: almost no armour, amphibious, 8 rings, constrict 8, tentacle spike 3,
camouflage 1, gelatinous body 1
a: End Transformation


You were on level 5 of the Dungeon.
You were not hungry.
One of your tentacles had a temporary spike.
You visited 1 branch of the dungeon, and saw 5 of its levels.

You collected 252 gold pieces.

Inventory:

Hand weapons
 d - a +2 dagger of venom (weapon)
 j - a +2 dagger of draining
Missiles
 a - 70 arrows
Jewellery
 h - a ring of ice (right tentacle)
 k - a +2 ring of evasion (on tentacle)
 m - a +2 ring of dexterity (left tentacle)
 t - a ring of magical power (on tentacle)
Scrolls
 e - 3 scrolls of identify {unknown}
 l - 4 scrolls of remove curse {unknown}
 o - a scroll of immolation {unknown}
 p - 2 scrolls of fog {unknown}
 q - 3 scrolls of recharging {unknown}
 s - 2 scrolls of noise {unknown}
 u - 3 scrolls of enchant weapon {unknown}
Potions
 f - a potion of haste {unknown}
 g - a potion of heal wounds {unknown}
 i - a potion of invisibility {unknown}
 r - 2 potions of curing {unknown}
 v - a potion of poison {unknown}
 w - a potion of berserk rage {unknown}
 x - a potion of flight {unknown}
 z - a potion of mutation {unknown}
Books
 b - a book of Changes

   Spells                             Type                      Level
   a - Beastly Appendage              Transmutation                1
   b - Sticks to Snakes               Transmutation                2
   c - Spider Form                    Transmutation/Poison         3
   d - Ice Form                       Ice/Transmutation            4
   e - Blade Hands                    Transmutation                5
Comestibles
 c - 5 bread rations
 n - a beef jerky
 A - a chunk of flesh


   Skills:
 + Level 2.4 Fighting
 - Level 2.0 Dodging
 - Level 3.0 Unarmed Combat
 * Level 4.1 Spellcasting
 * Level 4.9 Transmutations


You had 9 spell levels left.
You knew the following spells:

 Your Spells              Type           Power        Failure   Level  Hunger
a - Beastly Appendage     Trmt           ###...       2%          1    None
b - Spider Form           Trmt/Pois      ##........   17%         3    ###....


Dungeon Overview and Level Annotations

Branches:
Dungeon (5/15)
 Temple: D:4-7

Altars:
Dithmenos
Gozag
Okawaru
Trog
The Shining One


Innate Abilities, Weirdness & Mutations

You cannot wear most types of armour.
You are amphibious.
You can wear up to eight rings at the same time.
You can use your tentacles to constrict eight enemies at once.
Your skin changes colour to match your surroundings (Stealth).
Your rubbery body absorbs attacks (AC +1).
One of your tentacles bears a large vicious spike.


Message History

Casting: Beastly Appendage
Confirm with . or Enter, or press ? or * to list all spells.
One of your tentacles grows a vicious spike.
Found a bubbling white potion.
A quokka comes into view.
You hit the jelly.
Your tentacle spike misses the jelly.
The jelly is lightly wounded.
The jelly closely misses you.
You hit the jelly.
The jelly is moderately wounded.
The jelly barely misses you.
You hit the jelly.
You pierce the jelly.
The jelly is heavily wounded.
The jelly hits you.
You are splashed with acid!
The acid burns!
The quokka closely misses you.
You hit the jelly but do no damage.
The jelly is heavily wounded.
The jelly misses you. The quokka misses you. The jelly hits you.
You are splashed with acid!
The acid burns!
You die...

#......#...##
#......#.>.'###
#......)......#
######............#
#.................#
##........##.......#
#.........##.......#
#.......####.......#
#.......J@..†......#
#..!..##r..........##
#.....................
#.....................
#..................... .#
####......................
........................
...##........#.#........
.....###............


You could see a jelly and a quokka.

Vanquished Creatures
  A scorpion (D:3)
  2 crimson imps (D:5)
  3 worker ants
  4 gnolls (D:4)
  4 adders
  An ooze (D:5)
  An adder skeleton (D:4)
  A giant gecko (D:2)
  11 orcs
  4 ball pythons
  7 bats
  A giant cockroach (D:3)
  10 goblins
  13 hobgoblins
  4 jackals (D:4)
  4 kobolds
  2 quokkas (D:4)
  6 giant newts
  16 rats
95 creatures vanquished.

Notes
Turn   | Place    | Note
--------------------------------------------------------------
     0 | D:1      | oplop, the Octopode Transmuter, began the quest for the Orb.
     0 | D:1      | Reached XP level 1. HP: 13/13 MP: 3/3
   177 | D:1      | Reached XP level 2. HP: 13/18 MP: 3/5
   370 | D:1      | Found a glowing golden altar of the Shining One.
   723 | D:2      | Reached XP level 3. HP: 23/23 MP: 4/6
  1145 | D:2      | Reached XP level 4. HP: 21/29 MP: 8/8
  1387 | D:3      | Found a shadowy altar of Dithmenos.
  1667 | D:3      | Found an opulent altar of Gozag.
  1863 | D:3      | Learned a level 3 spell: Spider Form
  1937 | D:3      | Reached XP level 5. HP: 22/34 MP: 8/10
  2193 | D:4      | Reached skill level 4 in Transmutations
  2955 | D:4      | Reached XP level 6. HP: 35/39 MP: 11/11
  2970 | D:4      | Found an iron altar of Okawaru.
  2971 | D:4      | Found a bloodstained altar of Trog.
  3017 | D:5      | Entered Level 5 of the Dungeon
  3353 | D:5      | Splashed by a jelly's acid

Action                   |  1- 3 |  4- 6 || total
-------------------------+-------+-------++-------
Melee: Dagger            |    64 |    93 ||   157
       Unarmed           |     3 |    43 ||    46
 Cast: Beastly Appendage |     9 |     6 ||    15
       Spider Form       |       |     8 ||     8
 Stab: Sleeping          |     3 |     5 ||     8
       Distracted        |       |     1 ||     1
  Eat: Chunk             |     1 |     3 ||     4
       Meat ration       |       |     1 ||     1
